Map: Backwater LE

Players

Bunny - Winner!

  • Race: Terran Terran
  • Spawn Location: 5:00

Kelazhur

  • Race: Terran Terran
  • Spawn Location: 11:00

Event: IEM Season 12 - Katowice

VOD

Have the link to the VOD?

Description

Time

  • Played on: Feb. 27, 2018, 7:18 a.m.
  • Length: 10:08

All games in this series

Show
View Real Time Build Order
Export as new Build Order

Bunny Terran - Winner!

Build Orders: Reaper Expand, Mech 

Get SALT Encoding   

  12  0:00  SCV  
  13  0:12  SCV  
  14  0:17  Supply Depot  
  14  0:25  SCV  
  15  0:38  SCV  
  15  0:39  Barracks  
  16  0:43  Refinery  
  16  0:50  SCV  
  17  1:02  SCV  
  18  1:15  SCV  
  19  1:26  Reaper  
  19  1:27  Orbital Command  
  20  1:46  Supply Depot  
  20  1:50  Command Center  
  20  1:53  SCV  
  21  1:58  Reaper  
  22  2:01  Supply Depot  
  22  2:05  SCV  
  22  2:07  Refinery  
  23  2:23  SCV  
  23  2:25  Factory  
  24  2:35  SCV  
  24  2:37  Barracks Reactor  
  24  2:47  SCV  
  25  2:59  SCV  
  25  3:03  Orbital Command  
  26  3:11  SCV  
  27  3:19  Cyclone x2  
  33  3:23  SCV  
  34  3:29  SCV  
  34  3:33  Supply Depot  
  35  3:35  SCV  
  36  3:41  SCV  
  36  3:48  SCV  
  38  3:51  Cyclone  
  38  3:53  Cyclone, SCV  
  45  4:00  SCV  
  45  4:01  Command Center  
  46  4:05  SCV  
  46  4:09  Supply Depot  
  47  4:12  SCV  
  48  4:17  SCV  
  48  4:23  Cyclone  
  53  4:24  SCV  
  53  4:26  Refinery  
  53  4:27  Refinery  
  53  4:31  Supply Depot  
  53  4:35  Cyclone  
  53  4:36  SCV  
  53  4:37  SCV  
  58  4:39  Engineering Bay  
  58  4:49  SCV x2  
  60  5:00  Factory  
  60  5:05  Cyclone  
  60  5:06  SCV x2  
  65  5:11  Cyclone  
  66  5:14  Orbital Command  
  66  5:18  SCV x2  
  67  5:31  SCV  
  67  5:32  SCV, Barracks Tech Lab  
  67  5:34  Supply Depot  
  69  5:39  Cyclone  
  69  5:42  SCV  
  73  5:43  Cyclone  
  73  5:44  SCV x2  
  73  5:47  Starport  
  73  5:49  Supply Depot  
  78  5:59  Siege Tank  
  78  6:00  Barracks Reactor, SCV x3  
  78  6:01  Refinery  
  84  6:08  Refinery  
  84  6:14  SCV, Factory  
  84  6:15  SCV x2  
  87  6:19  Armory  
  87  6:26  Hellion x2  
  87  6:27  SCV x3  
  94  6:33  Siege Tank  
  97  6:43  SCV x2  
  97  6:44  SCV  
  97  6:46  Supply Depot  
  100  6:53  Hellion  
  101  6:57  Viking  
  101  7:00  Factory Tech Lab  
  101  7:02  Infernal Pre-Igniter  
  101  7:05  Factory  
  101  7:06  Factory  
  101  7:07  Viking, SCV x3, Hellion  
  108  7:22  Terran Vehicle Weapons Level 1  
  108  7:28  Supply Depot  
  108  7:30  Supply Depot  
  108  7:31  Supply Depot  
  108  7:32  SCV  
  108  7:33  Engineering Bay  
  109  7:39  Supply Depot  
  109  7:40  Supply Depot  
  109  7:41  Siege Tank  
  109  7:50  Siege Tank  
  109  7:51  Hellion x2  
  114  7:52  Factory Tech Lab, Factory Reactor  
  114  7:55  Viking x2  
  114  7:59  SCV x2  
  114  8:00  SCV  
  117  8:07  Missile Turret  
  117  8:08  Missile Turret  
  117  8:11  SCV x2  
  117  8:12  SCV, Siege Tank, Hellion x2  
  124  8:21  Siege Tank  
  124  8:22  Siege Tank  
  124  8:23  Sensor Tower  
  130  8:30  Sensor Tower  
  130  8:32  Viking x2  
  134  8:43  Hellion x2  
  134  8:44  Siege Tank  
  134  8:45  Hellion  
  134  8:46  Hellion  
  134  8:48  Supply Depot  
  145  8:52  Armory  
  145  8:54  Siege Tank  
  148  8:58  Missile Turret  
  148  9:08  Hellion x2  
  148  9:09  Siege Tank  
  156  9:10  Hellion  
  156  9:11  Supply Depot, Hellion  
  156  9:14  Viking x2  
  156  9:15  Supply Depot  
  156  9:16  Supply Depot  
  160  9:26  Supply Depot  
  148  9:36  Siege Tank  
  148  9:37  Hellion x2  
  150  9:41  Hellion x2  
Show
View Real Time Build Order
Export as new Build Order

Kelazhur Terran 

Build Orders: Gas First Reaper Expand, Reaper Expand, MMM Bio 

Get SALT Encoding   

  12  0:00  SCV  
  13  0:12  SCV  
  14  0:17  Supply Depot  
  14  0:24  SCV  
  15  0:29  Refinery  
  15  0:38  SCV  
  15  0:39  Barracks  
  16  0:46  Refinery  
  16  0:50  SCV  
  17  1:02  SCV  
  18  1:15  SCV  
  19  1:27  Orbital Command  
  19  1:29  Reaper  
  20  1:49  Command Center  
  20  1:53  SCV  
  20  1:58  Supply Depot  
  20  2:01  Marine  
  21  2:05  SCV  
  22  2:10  Factory  
  22  2:17  SCV  
  23  2:23  Barracks Reactor  
  23  2:32  SCV  
  23  2:36  Refinery  
  24  2:43  Bunker  
  25  2:44  SCV  
  25  2:49  Supply Depot  
  25  2:54  Hellion  
  25  2:56  SCV  
  27  2:59  Marine x2  
  28  3:08  Starport  
  29  3:13  Orbital Command  
  29  3:17  Marine  
  29  3:22  SCV  
  29  3:26  Cyclone  
  33  3:29  Orbital Command  
  33  3:34  SCV  
  33  3:38  Marine x2  
  34  3:46  SCV  
  35  3:52  Viking  
  35  3:54  SCV  
  38  3:56  Marine x2  
  40  4:03  SCV  
  40  4:07  SCV  
  40  4:08  Cyclone  
  45  4:13  Marine  
  45  4:14  Marine  
  45  4:15  SCV  
  48  4:19  Supply Depot, SCV  
  48  4:23  Starport Tech Lab  
  49  4:27  SCV  
  49  4:31  SCV  
  51  4:34  Marine x2  
  53  4:40  SCV  
  53  4:41  Raven  
  53  4:43  SCV  
  53  4:44  Supply Depot  
  57  4:54  Command Center  
  57  4:55  SCV  
  57  4:56  SCV  
  57  4:59  Factory Tech Lab  
  59  5:04  Marine x2  
  59  5:07  SCV  
  60  5:13  SCV  
  59  5:17  Siege Tank  
  59  5:20  SCV  
  63  5:25  SCV  
  62  5:32  SCV  
  62  5:36  Barracks  
  62  5:37  SCV  
  62  5:38  Barracks, Refinery  
  62  5:39  Refinery  
  62  5:42  Starport Tech Lab  
  63  5:43  Marine  
  63  5:44  Stimpack  
  63  5:45  SCV  
  63  5:49  SCV  
  66  5:51  Siege Tank  
  69  5:57  SCV  
  70  6:05  SCV, Engineering Bay  
  70  6:06  Supply Depot, Orbital Command  
  70  6:09  SCV, Marine  
  73  6:17  Starport Reactor, SCV  
  74  6:22  SCV  
  74  6:23  Siege Tank  
  78  6:27  Marine  
  78  6:29  Marine x2  
  78  6:30  SCV  
  82  6:33  SCV  
  82  6:34  SCV, Barracks  
  82  6:35  Barracks  
  82  6:39  Marauder  
  84  6:42  SCV  
  84  6:46  SCV  
  84  6:47  Marauder, Combat Shields  
  86  6:50  SCV  
  86  6:53  Refinery  
  86  6:54  SCV  
  90  6:56  Supply Depot  
  90  6:58  Marine x2  
  92  7:04  Supply Depot  
  92  7:08  SCV  
  93  7:09  Medivac x2, Marauder  
  93  7:10  Supply Depot  
  93  7:11  Terran Infantry Weapons Level 1  
  93  7:14  Marauder  
  101  7:17  SCV x2  
  101  7:20  Marine x2  
  101  7:22  Barracks Tech Lab, Refinery  
  103  7:23  Barracks Reactor  
  103  7:25  SCV  
  103  7:28  Supply Depot  
  103  7:29  SCV  
  105  7:32  Siege Tank  
  105  7:35  SCV  
  111  7:37  Marauder  
  111  7:39  SCV  
  111  7:40  Medivac  
  114  7:47  Medivac  
  110  7:52  Marine x2, Marauder x2  
  110  7:53  SCV x3  
  110  7:57  Marine  
  118  8:03  Supply Depot  
  118  8:05  Siege Tank  
  121  8:07  Command Center  
  121  8:13  Starport  
  121  8:14  Marine, Marauder x2  
  121  8:15  Marine x2  
  121  8:16  Marine  
  129  8:20  Viking  
  129  8:23  Viking  
  129  8:24  SCV  
  129  8:25  SCV  
  135  8:27  Supply Depot  
  135  8:36  SCV, Marine x2, Marauder  
  140  8:45  Supply Depot, Armory  
  140  8:46  Supply Depot  
  140  8:47  SCV  
  141  8:49  Marauder x2  
  141  8:50  Supply Depot  
  141  8:51  Starport Tech Lab  
  141  8:54  Starport Reactor  
  141  8:55  Viking  
  147  9:02  Viking  
  148  9:16  Supply Depot  
  148  9:19  Starport  
  148  9:22  Armory  
  147  9:27  Viking  
  147  9:30  Marine x3, Marauder x3  
  147  9:31  Marine  
  144  9:32  Viking  
  144  9:35  Siege Tank  
  111  9:47  Marine x2  
  111  9:48  Marine  
  111  9:49  Marine  

Tags
 
Add a new tag
Caveats
  • Supply blocks, unpowered buildings, or Contaminate may cause inaccurate times.
  • Supply counts are checked every 10 seconds.